 Dungeon Crawl Stone Soup version 0.27-a0-1144-g0b7d3b79db (webtiles) character file.

Game seed: 17682614229461158578

3245 Azzok the Cleaver (level 9, -13/94 HPs)
             Began as a Demonspawn Berserker on May 10, 2021.
             Was a Priest of Trog.
             Mangled by a komodo dragon (17 damage)
             ... on level 7 of the Dungeon.
             The game lasted 00:07:26 (9136 turns).

Azzok the Cleaver (Demonspawn Berserker)            Turns: 9136, Time: 00:07:26

Health: -13/94     AC: 12    Str: 21    XL:     9   Next: 67%
Magic:  9/9        EV:  8    Int:  9    God:    Trog [***...]
Gold:   273        SH:  0    Dex: 12    Spells: 8/8 levels left

rFire    + . .     SeeInvis .   s - +2 war axe (drain)
rCold    + . .     Faith    .   (no shield)
rNeg     . . .     Spirit   .   f - +0 chain mail
rPois    .         Reflect  .   (helmet unavailable)
rElec    .         Harm     .   r - scarf {rC+ rF+}
rCorr    .         Rampage  .   (no gloves)
Will     .....                  b - +0 pair of boots
Stlth    ..........             (no amulet)
HPRegen  0.25/turn              (no ring)
MPRegen  0.11/turn              (no ring)

@: berserking (expiring), very quick
A: horns 3, slimy green scales 2
a: Renounce Religion, Berserk, Trog's Hand


You were on level 7 of the Dungeon.
You worshipped Trog.
Trog was most pleased with you.
You visited 1 branch of the dungeon, and saw 7 of its levels.

You collected 273 gold pieces.

Inventory:

Hand Weapons
 m - a +3 spear of venom
 s - a +2 war axe of draining (weapon)
Missiles
 k - 2 throwing nets
Armour
 b - a +0 pair of boots (worn)
 f - a +0 chain mail (worn)
 r - a scarf of resistance (worn)
Wands
 c - a wand of paralysis (7)
Scrolls
 a - a scroll of identify
 d - a scroll of brand weapon
 g - 2 scrolls of summoning
 l - 3 scrolls of magic mapping {unknown}
 o - a scroll of teleportation {unknown}
Potions
 e - 2 potions of mutation {unknown}
 h - 2 potions of berserk rage {unknown}
 i - 2 potions of invisibility {unknown}
 j - a potion of heal wounds
 n - 3 potions of curing
 p - a potion of attraction
 t - 2 potions of resistance


   Skills:
 - Level 3.0 Fighting
 + Level 12.5 Axes
 - Level 1.7 Armour
 - Level 1.7 Dodging


You had 8 spell levels left.
You didn't know any spells.
Your spell library was empty.

Dungeon Overview and Level Annotations

Branches:
Dungeon (7/15)             Temple (0/1) D:6

Altars:
Qazlal
Trog
Uskayaw
Wu Jian
Beogh

Shops:
D:4 (

Annotations:
D:4 3 runed translucent doors, PanSaczeczos's ghost, amateur GrCK
D:7 Harold


Innate Abilities, Weirdness & Mutations

You have a pair of large horns on your head.
You are mostly covered in slimy green scales. (AC +3)


Message History

You headbutt the komodo dragon!
The komodo dragon is severely wounded.
You slash the vampire mosquito! You slash the plant!
You completely miss the plant. You slice the plant!!
Harold the Weathered comes into view.
He is wielding a +0 hand axe and wearing a +1 scale mail of cold resistance.
The vampire mosquito bites you but does no damage.
The vampire mosquito bites you but does no damage.
The scorpion stings the plant.
The plant begins to die.
The komodo dragon bites you! The yak gores you but does no damage.
The komodo dragon hisses menacingly.
The komodo dragon bites you!
You closely miss the komodo dragon. You slash the vampire mosquito!
You hit the komodo dragon.
You slash the plant! x2; You hit the yak.
You drain the yak.
The vampire mosquito bites you but does no damage.
The scorpion stings the plant.
The komodo dragon bites you but does no damage.
The yak gores you.
You slash the yak! You headbutt the yak!
The yak is almost dead.
You barely miss the komodo dragon. You miss the vampire mosquito.
You closely miss the komodo dragon. You slash the plant! x2
The vampire mosquito bites you.
The vampire mosquito draws strength from your injuries!
The komodo dragon bites you!!
* * * LOW HITPOINT WARNING * * *
The scorpion stings the plant.
The plant is poisoned.
The scorpion poisons the plant!
The vampire mosquito bites you but does no damage.
You slice the yak!!
You kill the yak!
Trog accepts your kill.
You hit the plant. You slash the plant! You slash the komodo dragon!
You closely miss the vampire mosquito. You closely miss the komodo dragon.
A nearby plant withers and dies.
The komodo dragon hisses menacingly.
The komodo dragon bites you!!
* * * LOW HITPOINT WARNING * * *
The komodo dragon bites you!
You die...

··▒▒··▒▒▒▒▒▒
▒▒▒▒▒▒···╬··_· ······▒
·♣♣♣ ▒▒···▒·♣·♣ ······▒
≈·♣·≈ ▒····▒···· ··(···▒
≈·▒≈≈ ▒····▒▒▒'▒ ▒▒▒▒▒▒▒
♣·≈≈ ▒▒········ ♣!·(
▒▒▒··<···▒· ▒▒▒@▒▒▒
▒········▒· ♣♣··s†l♣♣
▒▒▒▒▒▒▒··▒·
♣♣♣··PPP@y♣♣♣♣▒·♣·♣·▒·▒▒·
·····P≈··l····▒♣·♣·♣▒·▒▒▒
♣♣··PPP··♣♣♣♣▒·♣·♣·▒·▒▒·
♣♣·····♣♣ ▒♣·♣·♣▒·▒··
▒▒▒'▒▒▒▒▒▒ ▒·♣·♣·▒·▒··
▒···▒♣♣·♣♣▒♣·♣·♣▒·▒··
♣···♣♣·♣·♣♣♣♣·♣♣▒·▒▒·
╬<8>'†♣♣♣··········▒·
♣···♣♣·♣·♣♣♣♣·♣♣▒····


You could see Harold, 2 komodo dragons, a vampire mosquito and a scorpion.

Vanquished Creatures
  Pikel (D:7)
  Grinder (D:6)
  Prince Ribbit (D:5)
  Eustachio (D:5)
  A yak (D:7)
  A steam dragon (D:7)
  Duvessa (D:7)
  2 ice beasts
  A black bear (D:5)
  An orc warrior (D:7)
  An ogre (D:6)
  2 gnoll sergeants
  2 bullfrogs
  3 scorpions
  Dowan (D:7)
  2 water moccasin zombies
  A bullfrog zombie (D:6)
  A centaur zombie (D:6)
  5 hounds
  A jelly (D:3)
  An orc priest (D:5)
  A gnoll shaman (D:5)
  A centaur skeleton (D:7)
  Crazy Yiuf (D:6)
  Jessica (D:2)
  4 iguanas
  An orc wizard (D:5)
  A scorpion zombie (D:5)
  Natasha (thrice) (D:2)
  18 gnolls
  A howler monkey skeleton (D:7)
  8 adders
  2 white imps
  3 worms
  A dart slug (D:4)
  13 orcs
  8 ball pythons
  13 endoplasms
  A giant cockroach (D:1)
  4 goblins
  4 hobgoblins
  3 jackals (D:1)
  2 quokkas
  4 bats
  3 frilled lizards
  15 kobolds
  6 rats
153 creatures vanquished.

Vanquished Creatures (others)
  3 fungi (D:3)
  A plant (D:7)
  8 toadstools (D:3)
12 creatures vanquished.

Grand Total: 165 creatures vanquished

Notes
Turn   | Place    | Note
-------+----------+-------------------------------------------
     0 | D:1      | Azzok the Demonspawn Berserker began the quest for the Orb.
     0 | D:1      | Reached XP level 1. HP: 18/18 MP: 1/1
   198 | D:1      | Reached skill level 3 in Axes
   281 | D:1      | Gained mutation: You are partially covered in slimy green
                  | scales. (AC +2) [demonic ancestry]
   281 | D:1      | Reached XP level 2. HP: 21/24 MP: 2/2
  1096 | D:2      | Reached ** piety under Trog
  1097 | D:2      | Gained mutation: You have a pair of small horns on your
                  | head. [demonic ancestry]
  1097 | D:2      | Reached XP level 3. HP: 29/29 MP: 3/3
  1181 | D:2      | Found a faded altar of an unknown god.
  1239 | D:2      | Noticed Jessica
  1249 | D:2      | Killed Jessica
  1250 | D:2      | Reached skill level 4 in Axes
  1337 | D:2      | Reached XP level 4. HP: 30/35 MP: 4/4
  1564 | D:2      | Reached skill level 5 in Axes
  1934 | D:2      | Noticed Natasha
  1940 | D:2      | Killed Natasha
  1941 | D:2      | Gained mutation: You have a pair of horns on your head.
                  | [demonic ancestry]
  1941 | D:2      | Reached XP level 5. HP: 33/41 MP: 5/5
  2022 | D:2      | Noticed Natasha
  2033 | D:2      | Killed Natasha
  2085 | D:2      | Noticed Natasha
  2099 | D:2      | Killed Natasha
  2640 | D:3      | Reached skill level 6 in Axes
  2999 | D:3      | Reached *** piety under Trog
  3268 | D:3      | Reached XP level 6. HP: 46/47 MP: 6/6
  3609 | D:3      | Found an ornate altar of the Wu Jian Council.
  3949 | D:4      | Found Udwu's Antique Weapon Shop.
  4534 | D:4      | Found a stormy altar of Qazlal.
  4863 | D:4      | Found a runed translucent gate.
  4863 | D:4      | Found a runed translucent gate.
  4864 | D:4      | Found a runed translucent gate.
  4866 | D:4      | Noticed an orc warrior
  4867 | D:4      | Noticed PanSaczeczos's ghost (amateur GrCK)
  5369 | D:5      | Entered Level 5 of the Dungeon
  5421 | D:5      | Reached skill level 7 in Axes
  5515 | D:5      | Noticed Prince Ribbit
  5529 | D:5      | Killed Prince Ribbit
  5530 | D:5      | Gained mutation: You are mostly covered in slimy green
                  | scales. (AC +3) [demonic ancestry]
  5530 | D:5      | Reached XP level 7. HP: 52/52 MP: 7/7
  5667 | D:5      | Reached skill level 8 in Axes
  6168 | D:5      | Reached skill level 9 in Axes
  6168 | D:5      | Reached XP level 8. HP: 47/58 MP: 8/8
  6257 | D:5      | Noticed Eustachio
  6509 | D:5      | Killed Eustachio
  6868 | D:6      | Noticed Grinder
  6878 | D:6      | Killed Grinder
  7063 | D:6      | Reached skill level 10 in Axes
  7190 | D:6      | Found a staircase to the Ecumenical Temple.
  7581 | D:6      | Found a runed translucent door.
  7582 | D:6      | Noticed Crazy Yiuf
  7718 | D:6      | Reached skill level 11 in Axes
  7986 | D:6      | Killed Crazy Yiuf
  7987 | D:6      | Gained mutation: You have a pair of large horns on your
                  | head. [demonic ancestry]
  7987 | D:6      | Reached XP level 9. HP: 45/62 MP: 9/9
  8193 | D:7      | Found a hide-covered altar of Uskayaw.
  8234 | D:7      | Noticed Pikel
  8248 | D:7      | Killed Pikel
  8314 | D:7      | Noticed Dowan
  8316 | D:7      | Noticed Duvessa
  8321 | D:7      | Killed Duvessa
  8323 | D:7      | Killed Dowan
  8427 | D:7      | Reached **** piety under Trog
  8483 | D:7      | Reached skill level 12 in Axes
  8562 | D:7      | Found a bloodstained altar of Trog.
  9125 | D:7      | Noticed a komodo dragon
  9126 | D:7      | Noticed a komodo dragon
  9132 | D:7      | Noticed Harold
  9136 | D:7      | HP: 4/94 [komodo dragon (26)]
  9136 | D:7      | Mangled by a komodo dragon

Illustrated notes

Levels and vault maps discovered:
D:1:      nicolae_arrival_washed_ashore, layout_rooms, nrook_loot_triangle
D:2:      layout_basic, chequers_ecumenical_altar_grove,
          kennysheep_another_room, chequers_mini_garden, uniq_natasha,
          uniq_jessica
D:3:      cheibrodos_fertilizer, layout_loops_corners, lemuel_tele_altar
D:4:      layout_layer_cave, nicolae_qazlal_eye_of_the_storm, serial_shops,
          nicolae_shop_window_shopping, biasface_ghost_orc_armoury
D:5:      layout_gridville, uniq_eustachio, uniq_prince_ribbit1
D:6:      layout_basic, minmay_temple_entry_tees, minmay_misc_feat_roman,
          uniq_grinder, uniq_crazy_yiuf_cottage
D:7:      nzn_winding_woodlands_stair_cross [nzn_winding_woodlands_5x15_twine,
          nzn_winding_woodlands_center_pierced_h,
          nzn_winding_woodlands_5x15_sawtooth,
          nzn_winding_woodlands_5x5_default,
          nzn_winding_woodlands_5x5_closed_star,
          nzn_winding_woodlands_5x15_garden,
          nzn_winding_woodlands_center_triple_pond,
          nzn_winding_woodlands_5x15_split_checker], layout_gridville,
          kennysheep_little_box, trog_butcher_becter, uniq_pikel, uniq_harold,
          uniq_duvessa

Skill      XL: |  1  2  3  4  5  6  7  8  9 |
---------------+----------------------------+-----
Axes           | 3 4 5 6 7 9 11 12 | 12.5
Fighting       | |  3.0
Armour         | |  1.7
Dodging        | |  1.7

Action                   |  1- 3 |  4- 6 |  7- 9 || total
-------------------------+-------+-------+-------++-------
Melee: Hand axe          |    67 |   170 |    47 ||   284
       Headbutt          |     3 |    32 |    35 ||    70
       War axe           |       |       |   167 ||   167
Invok: Berserk           |     2 |     4 |     9 ||    15
  Use: Scroll            |       |       |     9 ||     9
Armor: Animal skin       |     7 |       |       ||     7
       Ring mail         |    22 |    36 |       ||    58
       Scale mail        |       |    36 |    90 ||   126
       Chain mail        |       |       |    40 ||    40
Dodge: Dodged            |    47 |    95 |   100 ||   242

Table legend: (Time is in decaauts)
 A = Elapsed time spent in this place.
 B = Non-inter-level travel time spent in this place.
 C = Inter-level travel time spent in this place.
 D = Time resting spent in this place.
 E = Time spent auto-exploring this place.
 F = Levels seen in this place.
 G = Mean time per level.
                   A        B        C        D        E       F      G
               +--------+--------+--------+--------+--------+-----+--------+
         Total |   9277 |   9126 |    151 |    402 |   7701 |   7 | 1325.3 |
       Dungeon |   9277 |   9126 |    151 |    402 |   7701 |   7 | 1325.3 |
               +--------+--------+--------+--------+--------+-----+--------+

Top non-repeatable levels by time:
     D:4: 1938 daAuts
     D:2: 1482 daAuts
     D:6: 1459 daAuts
     D:5: 1219 daAuts
     D:3: 1146 daAuts
     D:1: 1063 daAuts
     D:7: 967 daAuts
